 Dungeon Crawl Stone Soup version 0.29.1-2-gbd0b4ee654 (webtiles) character file.

Game seed: 11550508468124434392

54904 avis the Severer (level 14, -4/137 HPs)
             Began as a Hill Orc Monk on Oct 30, 2022.
             Was the Champion of Beogh.
             Slain by Rupert
             ... wielding a +1 vorpal executioner's axe
              (20 damage)
             ... on level 1 of the Orcish Mines.
             The game lasted 03:02:48 (26930 turns).

avis the Severer (Hill Orc Monk)                   Turns: 26930, Time: 03:02:48

Health: -4/137     AC: 12    Str: 19    XL:     14   Next: 75%
Magic:  25/25      EV: 13    Int: 10    God:    Beogh [******]
Gold:   1301       SH:  0    Dex: 13    Spells: 10/13 levels left

rFire   + . .      SeeInvis +   a - +0 broad axe (venom)
rCold   . . .      Faith    +   H - +2 buckler
rNeg    . . .      Spirit   .   W - +1 acid dragon scales
rPois   +          Reflect  .   j - +0 helmet {SInv}
rElec   .          Harm     .   (no cloak)
rCorr   +          Rampage  .   M - +0 pair of gloves
Will    +....                   T - +0 pair of boots
Stlth   +.........              z - amulet of faith
HPRegen 0.32/turn               V - ring of protection from fire
MPRegen 0.19/turn               B - ring of poison resistance

@: confused, ambrosia-drunk, hasted, very quick
A: walk on water
a: Renounce Religion, Smiting, Recall Orcish Followers, Give Item to Named
Follower, Resurrection


You were on level 1 of the Orcish Mines.
You worshipped Beogh.
Beogh was exalted by your worship.
You visited 4 branches of the dungeon, and saw 19 of its levels.
You also visited: Bailey.

You collected 1563 gold pieces.
You spent 262 gold pieces at shops.

Inventory:

Hand Weapons
 a - a +0 broad axe of venom (weapon)
 b - a +3 war axe of flaming
 n - a +0 trident
 w - the +2 whip of Severance {drain, +Blink rPois Stlth+}
   (You found it on level 7 of the Dungeon)

   A truly terrible weapon, it drains the life of any living foe it strikes.
   rPois:     It protects you from poison.
   +Blink:    It lets you blink.
   Stlth:     It makes you more stealthy.
 C - a +0 flail
 I - a +2 dagger of speed
 L - a +0 trident
 S - a +0 dagger of draining
Missiles
 p - 3 javelins
 q - 6 poisoned darts
 D - 3 boomerangs
Armour
 j - a +0 helmet of see invisible (worn)
 l - the +1 ring mail of Wannoplo {Contam rElec Regen+ Dex+4}
   (You found it on level 11 of the Dungeon)

   Dex:       It affects your dexterity (+4).
   rElec:     It insulates you from electricity.
   Contam:    It causes magical contamination when unequipped.
   Regen:     It increases your rate of health regeneration.
 E - a +0 ring mail of fire resistance
 H - a +2 buckler (worn)
 M - a +0 pair of gloves (worn)
 P - a +0 plate armour
 T - a +0 pair of boots (worn)
 W - +1 acid dragon scales (worn)
 X - a +0 plate armour
Jewellery
 z - an amulet of faith (around neck)
 B - a ring of poison resistance (right hand)
 V - a ring of protection from fire (left hand)
Wands
 c - a wand of charming (4)
 v - a wand of flame (22)
 y - a wand of roots (3)
 J - a wand of polymorph (5)
Scrolls
 e - a scroll of fear {unknown}
 f - 6 scrolls of magic mapping
 h - 9 scrolls of teleportation
 r - 4 scrolls of butterflies
 s - a scroll of brand weapon {unknown}
 t - 5 scrolls of immolation {unknown}
 x - 2 scrolls of enchant weapon {unknown}
 A - 2 scrolls of vulnerability {unknown}
 G - a scroll of summoning {unknown}
 Q - 2 scrolls of blinking {unknown}
 R - 2 scrolls of poison {unknown}
 U - 2 scrolls of enchant armour {unknown}
Potions
 g - 4 potions of magic
 i - 2 potions of ambrosia
 k - 2 potions of cancellation
 m - 4 potions of haste
 u - 2 potions of might
 F - a potion of brilliance
 K - a potion of flight
 N - 2 potions of berserk rage {unknown}
 O - a potion of curing
Miscellaneous
 d - a condenser vane
 o - a box of beasts


   Skills:
 + Level 16.3 Fighting
 - Level 18.0 Axes
 * Level 6.8 Armour
 - Level 5.0 Dodging
 - Level 1.5 Stealth
 - Level 10.0 Shields
 + Level 1.0 Ice Magic
 + Level 15.1 Invocations


You had 10 spell levels left.
You knew the following spells:

 Your Spells              Type           Power      Damage    Failure   Level
a - Ozocubu's Armour      Ice            2%         N/A       75%         3

Your spell library contained the following spells:

 Spells                   Type           Power      Damage    Failure   Level
 Beastly Appendage        Tmut           0%         N/A       52%         1
 Sandblast                Erth           0%         2d4       52%         1
 Shock                    Conj/Air       0%         1d3       52%         1
 Ensorcelled Hibernation  Hex/Ice        2%         N/A       58%         2
 Passwall                 Tmut/Erth      0%         N/A       65%         2
 Wereblood                Tmut           0%         N/A       65%         2
 Gell's Gravitas          Tloc           0%         N/A       87%         3
 Portal Projectile        Hex/Tloc       0%         N/A       87%         3
 Spider Form              Tmut/Pois      0%         N/A       87%         3
 Stone Arrow              Conj/Erth      0%         3d7       87%         3
 Swiftness                Air            0%         N/A       87%         3
 Teleport Other           Tloc           0%         N/A       87%         3
 Tukima's Dance           Hex            0%         N/A       87%         3
 Airstrike                Air            0%         2d(0-16)  99%         4
 Passage of Golubria      Tloc           0%         N/A       99%         4
 Blade Hands              Tmut           0%         N/A       100%        5
 Fireball                 Conj/Fire      0%         3d3       100%        5
 Metabolic Englaciation   Hex/Ice        0%         N/A       100%        5
 Silence                  Hex/Air        0%         N/A       100%        5
 Summon Mana Viper        Hex/Summ       0%         N/A       100%        5
 Dispersal                Tloc           0%         N/A       100%        6
 Ozocubu's Refrigeration  Ice            1%         4d7       100%        7
 Lehudib's Crystal Spear  Conj/Erth      0%         10d2      100%        8


Dungeon Overview and Level Annotations

Branches:
Dungeon (11/15)            Temple (1/1) D:5            Lair (5/5) D:10
  Swamp (0/4) Lair:2       Spider (0/4) Lair:3        Slime (0/5) Lair:4
    Orc (2/2) D:11            Elf (0/3) Orc:2        Bailey (visited)

Altars:
Ashenzari
Cheibriados
Dithmenos
Elyvilon
Fedhas
Gozag
Hepliaklqana
Kikubaaqudgha
Makhleb
Nemelex Xobeh
Okawaru
Qazlal
Ru
Sif Muna
Trog
Uskayaw
Vehumet
Wu Jian
Xom
Yredelemnul
Zin
The Shining One
Jiyva

Shops:
D:1 !   D:2 *   D:4 [   D:5 [   D:6 [   D:7 !   D:10 *   D:11 :

Portals:
Hell: Lair:5

Annotations:
D:4 1 runed translucent door, Anandil's ghost, amateur DsGl
D:9 2 transporters, nshep25's ghost, novice MiFi
Orc:1 Rupert


Message History

There is a stone staircase leading down, spattered with blood here.
You slice the orc wizard!! You burn the orc wizard.
You kill the orc wizard!
Beogh accepts your kill.
You climb downwards.
Level annotation: Rupert Rupert hits you but does no damage.
Rupert completely misses your orc.
There is a stone staircase leading up, spattered with blood here.
Your orc hits Rupert but does no damage.
Your orc wizard casts a spell at Rupert.
The magic dart hits Rupert.
You block Rupert's attack.
Rupert hits your orc warrior with a +1 vorpal executioner's axe!
Rupert hits your orc with a +1 vorpal executioner's axe!
Your orc dies!
Rupert hits your orc with a +1 vorpal executioner's axe!
Your orc dies!
You climb upwards.
There is a stone staircase leading down, spattered with blood here.
You hit Rupert. You burn Rupert.
Rupert is lightly wounded.
Rupert roars madly and goes into a rage!
Rupert goes berserk!
Your +3 war axe of flaming stops flaming.
Your +0 broad axe of venom begins to drip with poison!
a - a +0 broad axe of venom (weapon)
Rupert hits you with a +1 vorpal executioner's axe.
You closely miss Rupert.
Rupert is lightly wounded.
You block Rupert's attack.
You slash Rupert!
Rupert is lightly wounded.
Rupert hits you with a +1 vorpal executioner's axe!!
* * * LOW HITPOINT WARNING * * *
x2 You feel yourself speed up.
Rupert hits you with a +1 vorpal executioner's axe!!
* * * LOW HITPOINT WARNING * * *
x2 You are confused.
You feel invigorated.
Rupert hits you with a +1 vorpal executioner's axe!!
You die...

.........#.................##
..........................##
..........................#
.........#...............##
.....##...#)....#......###
........[..)...........#
#.....................##
.#.....#.......[[[.....##
)†.............[@†......##
.#.............@.........#
.##..................#...###
.##....[†.>.........#....#.##
..##...)<.......#...........#
.##.....[...#.###.....#..#.##
##....#..^...###....#...####
###.##.........#)..#.....###
##..................#....#.##


You could see Rupert (berserk).

Vanquished Creatures
  Gastronok (D:9)
  2 hydras (Lair:5)
  3 two-headed ogres
  Erica (Lair:1)
  8 death yaks
  A wizard (Lair:5)
  An orc knight (Bailey)
  A cyclops (Orc:1)
  Joseph (Lair:1)
  4 black mambas
  5 elephants
  A torpor snail (Lair:1)
  An orange demon (Lair:5)
  3 cane toads
  6 komodo dragons
  Maggie (D:6)
  An unseen horror (D:10)
  3 rime drakes
  A kobold demonologist (Bailey)
  A hellwing (Lair:5)
  An ice devil (Lair:5)
  A red devil (Lair:5)
  A polar bear (Lair:5)
  A hornet (D:9)
  2 trolls
  7 dream sheep
  16 blink frogs
  Sigmund (D:4)
  A shadow (D:8)
  37 yaks
  A vampire (D:11)
  6 wyverns
  A wraith (D:11)
  A basilisk (Lair:1)
  5 vampire mosquitoes
  2 steam dragons
  3 wargs (Orc:1)
  Menkaure (D:4)
  3 hell hounds (Lair:5)
  4 water moccasins
  An ice beast (D:7)
  5 orc warriors
  2 sky beasts
  3 black bears
  3 wolves (Lair:2)
  3 ogres
  7 centaurs
  3 kobold brigands
  2 necrophages (D:6)
  2 gnoll sergeants
  2 bullfrogs
  4 scorpions
  7 wights
  15 killer bees
  2 howler monkeys (D:9)
  5 electric eels
  3 lava snakes
  A jelly (D:5)
  2 hounds (D:6)
  2 orc priests (D:7)
  3 iguanas (D:5)
  7 orc wizards
  10 adders
  19 gnolls
  4 white imps
  4 ufetubi
  3 dart slugs
  29 orcs
  7 bats
  7 endoplasms
  5 giant cockroaches
  13 goblins
  3 hobgoblins
  4 jackals (D:4)
  21 kobolds
  2 quokkas
  5 ball pythons
  A frilled lizard (D:3)
  5 rats
367 creatures vanquished.

Vanquished Creatures (collateral kills)
  2 hydras (Lair:5)
  A catoblepas (Lair:3)
  2 two-headed ogres (D:9)
  7 death yaks
  A sixfirhy (Lair:5)
  A lindwurm (Lair:3)
  A bog body (Lair:2)
  An orc knight (Bailey)
  4 elephants
  A torpor snail (Lair:5)
  5 cane toads
  4 black mambas
  An orange demon (Lair:5)
  An unseen horror (D:8)
  A rime drake (Lair:5)
  A kobold demonologist (D:9)
  7 komodo dragons
  2 ice devils (Lair:5)
  A polar bear (Lair:5)
  16 blink frogs
  8 dream sheep
  A shadow (D:11)
  A wraith (D:11)
  3 wyverns
  2 basilisks
  19 yaks
  3 vampire mosquitoes
  A warg (Orc:1)
  An acid dragon (D:9)
  5 water moccasins
  3 orc warriors
  3 bullfrogs
  4 wights (D:9)
  4 killer bees
  A howler monkey (D:8)
  An electric eel (Lair:2)
  3 orc priests
  An orc wizard (Orc:2)
  5 gnolls
  A white imp (D:8)
  5 orcs
  4 goblins (Bailey)
  A hobgoblin (Bailey)
  A kobold (D:8)
  A bush (Lair:4)
142 creatures vanquished.

Vanquished Creatures (others)
  A wizard (D:4)
  2 orc warriors
  A yak (Lair:4)
  A human (D:8)
  3 orc priests
  2 orc wizards
  19 orcs
  A bush (Lair:4)
  38 fungi
  44 plants
  5 toadstools (D:7)
117 creatures vanquished.

Grand Total: 626 creatures vanquished

Notes
Turn   | Place    | Note
-------+----------+-------------------------------------------
     0 | D:1      | avis the Hill Orc Monk began the quest for the Orb.
     0 | D:1      | Reached XP level 1. HP: 19/19 MP: 1/1
   342 | D:1      | Reached XP level 2. HP: 22/27 MP: 2/2
   643 | D:1      | Found Piurasotz's Distillery.
   665 | D:1      | Reached skill level 5 in Axes
   669 | D:1      | Reached XP level 3. HP: 8/33 MP: 3/3
   673 | D:1      | Bought a potion of degeneration for 10 gold pieces
  1517 | D:2      | You fall into a shaft and drop 1 floor!
  1683 | D:3      | Reached XP level 4. HP: 41/41 MP: 4/4
  1718 | D:3      | Reached skill level 1 in Shields
  1778 | D:3      | Reached skill level 6 in Axes
  1871 | D:2      | Reached XP level 5. HP: 22/47 MP: 5/5
  2045 | D:2      | Found Fyesud's Assorted Antiques.
  2403 | D:2      | Bought a glowing hand axe for 126 gold pieces
  2769 | D:3      | Reached skill level 5 in Fighting
  2770 | D:3      | Found an iron altar of Okawaru.
  2961 | D:4      | Noticed Sigmund
  2967 | D:4      | Killed Sigmund
  2968 | D:4      | Reached skill level 7 in Axes
  2968 | D:4      | Reached XP level 6. HP: 46/56 MP: 6/6
  3098 | D:4      | Found an ornate altar of the Wu Jian Council.
  3142 | D:4      | Reached skill level 8 in Axes
  3187 | D:4      | Noticed Menkaure
  3193 | D:4      | Killed Menkaure
  3194 | D:4      | Reached XP level 7. HP: 10/61 MP: 7/7
  3328 | D:4      | Found a runed translucent door.
  3328 | D:4      | Noticed Anandil's ghost (amateur DsGl)
  3350 | D:4      | Found Fusivois's Antique Armour Shoppe.
  3453 | D:4      | Reached skill level 9 in Axes
  3505 | D:4      | Found a bloodstained altar of Trog.
  3506 | D:4      | Noticed a wizard
  3511 | D:4      | Killed a wizard
  3781 | D:5      | Entered Level 5 of the Dungeon
  3919 | D:5      | Found a staircase to the Ecumenical Temple.
  3941 | Temple   | Entered the Ecumenical Temple
  4146 | D:5      | Reached skill level 1 in Armour
  4232 | D:5      | Reached skill level 10 in Axes
  4232 | D:5      | Reached XP level 8. HP: 40/69 MP: 8/8
  4405 | D:5      | Identified the +2 robe of the Chupacabra {*Corrode Dex+6}
  4415 | D:5      | Found a white marble altar of Elyvilon.
  4548 | D:6      | Found Edure's Armour Emporium.
  4554 | D:6      | Bought a +0 helmet of see invisible for 126 gold pieces
  4784 | D:6      | Became a worshipper of Beogh the Brigand
  4784 | D:6      | Reached * piety under Beogh
  4784 | D:6      | Reached ** piety under Beogh
  5240 | D:6      | Reached skill level 11 in Axes
  5282 | D:6      | Reached XP level 9. HP: 73/78 MP: 9/9
  5316 | D:6      | Noticed Maggie
  5343 | D:6      | Killed Maggie
  5344 | D:6      | Reached skill level 12 in Axes
  5558 | D:7      | Found a stormy altar of Qazlal.
  5778 | D:7      | Reached skill level 5 in Armour
  5993 | D:7      | Identified the +2 whip of Severance {drain, +Blink rPois
                  | Stlth+}
  6152 | D:7      | Reached skill level 13 in Axes
  6298 | D:7      | HP: 2/81 [orc warrior/+2 short sword of venom (5)]
  6714 | D:7      | Reached *** piety under Beogh
  6870 | D:7      | Found Cuxecok's Distillery.
  6981 | D:8      | Found a basalt altar of Yredelemnul.
  6998 | D:8      | Found a hazy altar of Hepliaklqana.
  7000 | D:8      | Noticed a two-headed ogre
  7004 | D:8      | Killed a two-headed ogre
  7005 | D:8      | Reached skill level 14 in Axes
  7005 | D:8      | Reached XP level 10. HP: 59/90 MP: 9/11
  7680 | D:8      | Noticed a two-headed ogre
  7690 | D:8      | Killed a two-headed ogre
  8244 | D:8      | Noticed an unseen horror
  8253 | D:8      | Reached skill level 15 in Axes
  8256 | D:8      | Killed an unseen horror
  8737 | D:8      | Found an ancient bone altar of Kikubaaqudgha.
  9357 | D:9      | Noticed a two-headed ogre
  9365 | D:9      | Killed a two-headed ogre
  9366 | D:9      | Reached skill level 10 in Fighting
  9366 | D:9      | Reached skill level 5 in Invocations
  9590 | D:9      | Found a flagged portal.
  9619 | Bailey   | Entered a bailey
  9914 | Bailey   | Reached **** piety under Beogh
  9941 | Bailey   | Noticed an orc knight
  9951 | Bailey   | Killed an orc knight
  9952 | Bailey   | Reached skill level 16 in Axes
 10068 | Bailey   | Noticed an orc knight
 10081 | Bailey   | Killed an orc knight
 10082 | Bailey   | Reached XP level 11. HP: 26/99 MP: 14/14
 10374 | Bailey   | Found an iron altar of Okawaru.
 10374 | Bailey   | Noticed an orc sorcerer
 10645 | Bailey   | Identified the +0 plate armour of Responsibility {Harm
                  | rCorr}
 11895 | Temple   | Acquired a +0 broad axe of venom
 12070 | D:9      | Noticed Gastronok
 12071 | D:9      | Noticed a two-headed ogre
 12079 | D:9      | Killed a two-headed ogre
 12096 | D:9      | Killed Gastronok
 12097 | D:9      | Reached skill level 17 in Axes
 12817 | D:9      | Noticed nshep25's ghost (novice MiFi)
 12818 | D:9      | Found a transporter.
 12841 | D:9      | Found a transporter.
 12928 | D:9      | Gained Ognian as an ally
 12929 | D:9      | Reached skill level 5 in Dodging
 13128 | D:10     | Entered Level 10 of the Dungeon
 13724 | D:10     | Found a staircase to the Lair.
 13735 | D:10     | Reached skill level 18 in Axes
 13807 | D:10     | Reached ***** piety under Beogh
 13832 | D:10     | Found Foaciecw's Assorted Antiques.
 14274 | D:10     | Noticed a two-headed ogre
 14278 | D:10     | Killed a two-headed ogre
 14281 | D:10     | Reached XP level 12. HP: 98/108 MP: 15/17
 14427 | Lair:1   | Entered Level 1 of the Lair of Beasts
 14767 | Lair:1   | Gained Olfik as an ally
 14985 | Lair:1   | Noticed Erica
 14994 | Lair:1   | Killed Erica
 15278 | Lair:1   | Reached skill level 10 in Invocations
 15653 | Lair:1   | Noticed Joseph
 15673 | Lair:1   | Killed Joseph
 17492 | Lair:2   | Reached skill level 5 in Shields
 17738 | Lair:2   | Reached XP level 13. HP: 98/123 MP: 20/20
 17890 | Lair:2   | Reached ****** piety under Beogh
 18214 | Lair:2   | Got Sif Muna's Catalogue of Incandescence and Bewitchment
 18599 | Lair:2   | Found a staircase to the Swamp.
 19738 | Lair:3   | Found a hole to the Spider Nest.
 20459 | Lair:4   | Gained Ogrik as an ally
 20723 | Lair:4   | Gained Wardok as an ally
 21076 | Lair:4   | Found a viscous altar of Jiyva.
 21076 | Lair:4   | Found a staircase to the Slime Pits.
 21269 | Lair:4   | Reached skill level 15 in Fighting
 21607 | Lair:5   | Entered Level 5 of the Lair of Beasts
 21953 | Lair:4   | Reached skill level 10 in Shields
 22234 | Lair:4   | Reached XP level 14. HP: 99/135 MP: 23/23
 22699 | Lair:5   | Gained Bogrim as an ally
 22990 | Lair:5   | Identified the +6 shortbow of the Past {freeze, rN+ MP+9
                  | Int+3}
 23881 | Lair:5   | Found a burning altar of Makhleb.
 23910 | Lair:5   | Gained Boghold as an ally
 23925 | Lair:5   | Found a gateway to Hell.
 24781 | Lair:5   | Reached skill level 15 in Invocations
 24785 | Lair:5   | Learned a level 3 spell: Ozocubu's Armour
 25529 | D:11     | Found Tecox's Self-Improvement Boutique.
 25658 | D:11     | Identified the +1 ring mail of Wannoplo {Contam rElec
                  | Regen+ Dex+4}
 25696 | D:11     | Found a staircase to the Orcish Mines.
 26140 | Orc:1    | Entered Level 1 of the Orcish Mines
 26673 | Orc:1    | Reached skill level 1 in Ice Magic
 26893 | Orc:2    | Entered Level 2 of the Orcish Mines
 26893 | Orc:2    | Found a staircase to the Elven Halls.
 26917 | Orc:2    | Noticed Rupert
 26930 | Orc:1    | Slain by Rupert

Illustrated notes

Levels and vault maps discovered:
D:1:      roderic_chinese_lattice_arrival, layout_basic, serial_shops, shop,
          minivault_26, minmay_quantized
D:2:      layout_basic, serial_shops, shop
D:3:      layout_rooms, okawaru_altar_gauntlet_db, wad_orctagon
D:4:      layout_loops_cross, kennysheep_mini_moat, trog_wizard, serial_shops,
          nicolae_shop_advertising_works [nicolae_subvault_shop_adworks],
          hellmonk_ghost_happy_afterlife, uniq_sigmund, uniq_menkaure
D:5:      layout_cave_pools, elyvilon_altar_4, temple_fountains
D:6:      layout_loops_ring, serial_shops, shop, amcnicky_mini_pool_small,
          kennysheep_pointless_box, minmay_joined_circles, uniq_maggie
D:7:      layout_gridville, grunt_qazlal_sundering, serial_shops,
          nicolae_lakefront_shop, grunt_decor_junction, minmay_gold_behind_fungi
D:8:      cheibrodos_barr_body, layout_loops_corners,
          mainiacjoe_overflow_alcove_1, mainiacjoe_overflow_six_doors_small,
          tgw_kikubaaqudgha, kennysheep_potato
D:9:      layout_rooms, gammafunk_ghost_stat_death, enter_bailey_7,
          minmay_circle_x, uniq_gastronok
D:10:     layout_long_grid, david_lair_generic, serial_shops,
          nicolae_shop_hallway_plus
D:11:     layout_cave_pools, hiddenorc1_lemuel, nicolae_shop_self_help
Temple:   nicolae_temple_superstar
Lair:1:   layout_loops_ring, fungi_pond_lemuel, uniq_erica, uniq_joseph
Lair:2:   layout_regular_city, skrybe_swamp_entry_bodies, serial_bayou_shore_a
Lair:3:   layout_chaotic_city, dummy_spider_entry, grunt_megastairs_5,
          lemuel_fruit_tree
Lair:4:   layout_long_grid, dpeg_slime_entry_enclosed
Lair:5:   evil_forest, layout_long_grid, grunt_megastairs_2
Orc:1:    layout_caves
Orc:2:    grunt_orc_cross, layout_caves, ebering_ghost_gozag,
          david_defended_altar_orc, uniq_rupert

Skill      XL: |  1  2  3  4  5  6  7  8  9 10 11 12 13 14 |
---------------+-------------------------------------------+-----
Fighting       | 4 5 6 8 10 13 15 16 | 16.3
Axes           | 5 6 7 8 10 11 14 16 18 | 18.0
Shields        | 1 3 4 5 10 | 10.0
Armour         | 1 4 5 6 |  6.8
Invocations    | 2 5 6 10 13 15 | 15.1
Dodging        | 3 5 |  5.0
Ice Magic      | 1 |  1.0
Stealth        | |  1.5

Action                   |  1- 3 |  4- 6 |  7- 9 | 10-12 | 13-15 || total
-------------------------+-------+-------+-------+-------+-------++-------
Melee: Hand axe          |   101 |   133 |    46 |       |       ||   280
       War axe           |       |       |   207 |   145 |    85 ||   437
       Broad axe         |       |       |       |   281 |   344 ||   625
 Fire: Sling             |     4 |       |       |       |       ||     4
Invok: Convert to Beogh  |       |       |     1 |       |       ||     1
       Recall Orcish Fol |       |       |       |     9 |    11 ||    20
       Smiting           |       |       |       |     3 |    10 ||    13
       Stop Recall       |       |       |       |     3 |     7 ||    10
       Give Item to Name |       |       |       |     2 |     4 ||     6
  Use: Scroll            |       |       |    10 |     3 |     4 ||    17
       Potion            |       |       |     1 |     3 |     5 ||     9
 Stab: Sleeping          |     5 |     1 |       |     1 |       ||     7
       Distracted        |       |       |       |     7 |     4 ||    11
       Paralysed         |       |       |       |     8 |     3 ||    11
       Petrifying        |       |       |       |       |     1 ||     1
Armor: Robe              |    22 |       |       |       |       ||    22
       Ring mail         |     7 |    33 |    16 |       |       ||    56
       Plate armour      |       |       |    55 |       |       ||    55
       Acid dragon scale |       |       |    39 |   103 |    98 ||   240
Dodge: Dodged            |    59 |    47 |    93 |   181 |   196 ||   576
Block: Buckler           |     4 |    14 |    61 |   100 |   154 ||   333
